 Dungeon Crawl Stone Soup version 0.27-a0-155-g177a798329 (webtiles) character file.

Game seed: 11227344641068335853

5408 kae the Grappler (level 10, -10/99 HPs)
             Began as a White Draconian Transmuter on Jan 27, 2021.
             Was a Believer of Uskayaw.
             Mangled by a six-headed hydra (18 damage)
             ... on level 9 of the Dungeon.
             The game lasted 00:09:08 (11353 turns).

kae the Grappler (White Draconian Transmuter)      Turns: 11353, Time: 00:09:09

Health: -10/99     AC: 10    Str: 16    XL:     10   Next: 40%
Magic:  15/18      EV: 12    Int: 13    God:    Uskayaw [**....]
Gold:   457        SH:  0    Dex: 12    Spells: 6/19 levels left

rFire    x . .     SeeInvis .     - Unarmed
rCold    + + +     Faith    .   (shield currently unavailable)
rNeg     . . .     Spirit   .   (armour unavailable)
rPois    +         Reflect  .   (helmet currently unavailable)
rElec    .         Harm     .   (cloak currently unavailable)
rCorr    .         Rampage  .   (gloves currently unavailable)
Will     .....                  (boots currently unavailable)
Stlth    +.........             (no amulet)
HPRegen  0.26/turn              l - +4 ring of protection
MPRegen  0.16/turn              v - ring of wizardry

@: ice-form
A: large, (breathe frost), unfitting armour, AC +7
a: End Transformation, Renounce Religion, Stomp, Line Pass


You were on level 9 of the Dungeon.
You worshipped Uskayaw.
Uskayaw was noncommittal.
You were a creature of crystalline ice.
You visited 2 branches of the dungeon, and saw 10 of its levels.
You also visited: Sewer.

You collected 471 gold pieces.
You spent 14 gold pieces at shops.

Inventory:

Jewellery
 i - a +4 ring of evasion
 l - a +4 ring of protection (left front paw)
 r - an uncursed ring of stealth
 v - a ring of wizardry (right front paw)
 w - an uncursed amulet of faith
 y - an uncursed ring of protection from cold
 z - an uncursed ring of resist corrosion
 A - an uncursed amulet of reflection
 D - an uncursed ring of stealth
Wands
 b - a wand of paralysis (7)
 h - a wand of acid (15)
 m - a wand of polymorph (4)
 u - a wand of digging (4)
Scrolls
 a - 4 scrolls of fog
 c - 8 scrolls of teleportation
 d - 2 scrolls of magic mapping
 e - a scroll of remove curse
 g - 4 scrolls of identify
 j - 3 scrolls of fear
 B - a scroll of random uselessness {unknown}
Potions
 f - 5 potions of curing
 k - 4 potions of haste
 o - 2 potions of might
 p - 5 potions of lignification
 q - 2 potions of flight
 s - a potion of mutation
 t - a potion of cancellation
 x - a potion of attraction
 C - a potion of degeneration
 E - a potion of brilliance {unknown}


   Skills:
 + Level 6.1 Fighting
 + Level 5.4 Dodging
 * Level 8.7 Unarmed Combat
 + Level 5.4 Spellcasting
 + Level 6.0 Transmutations
 - Level 5.0 Ice Magic
 - Level 3.0 Poison Magic
 + Level 4.5 Invocations


You had 6 spell levels left.
You knew the following spells:

 Your Spells              Type           Power        Failure   Level
a - Beastly Appendage     Tmut           38%          1%          1
b - Spider Form           Tmut/Pois      7%           3%          3
c - Ice Form              Ice/Tmut       17%          8%          4
d - Blade Hands           Tmut           9%           16%         5

Your spell library contained the following spells:

 Spells                   Type           Power        Failure   Level
 Sting                    Tmut/Pois      60%          1%          1
 Wereblood                Tmut           19%          1%          2
 Poisonous Vapours        Pois/Air       14%          6%          2
 Ignite Poison            Fire/Tmut/Pois 11%          6%          3
 Animate Skeleton         Necr           6%           8%          1
 Apportation              Tloc           6%           8%          1
 Corona                   Hex            3%           8%          1
 Magic Dart               Conj           12%          8%          1
 Summon Small Mammal      Summ           12%          8%          1
 Blink                    Tloc           N/A          11%         2
 Call Imp                 Summ           3%           11%         2
 Slow                     Hex            3%           11%         2
 Mephitic Cloud           Conj/Pois/Air  6%           14%         3
 Conjure Flame            Conj/Fire      3%           21%         3
 Olgreb's Toxic Radiance  Pois           11%          21%         4


Dungeon Overview and Level Annotations

Branches:
Dungeon (9/15)             Temple (1/1) D:7            Lair (0/6) D:9
  Sewer (visited)
    Orc: D:9-12

Altars:
Dithmenos
Fedhas
Gozag
Makhleb
Okawaru
Qazlal
Uskayaw
Vehumet
Wu Jian
The Shining One

Shops:
D:9 !


Innate Abilities, Weirdness & Mutations

((You can breathe waves of freezing cold.))
((You can buffet flying creatures when you breathe cold.))
((Your icy white scales are hard. (AC +7)))
You cannot fit into any form of body armour.
((Your flesh is cold resistant. (rC+)))
((You are cold-blooded and may be slowed by cold attacks.))


Message History

The six-headed hydra is heavily wounded.
You can now pass through a line of other dancers.
You hit the six-headed hydra. You freeze the six-headed hydra.
The six-headed hydra is severely wounded.
The six-headed hydra closely misses you.
The six-headed hydra bites you! x2
* * * LOW HITPOINT WARNING * * *
The six-headed hydra closely misses you.
The six-headed hydra bites you!
* * * LOW HITPOINT WARNING * * *
The six-headed hydra bites you!
* * * LOW HITPOINT WARNING * * *
You punch the six-headed hydra! You freeze the six-headed hydra.
The six-headed hydra is severely wounded.
You punch the six-headed hydra!
The six-headed hydra seems to slow down.
You freeze the six-headed hydra.
The six-headed hydra is almost dead.
The six-headed hydra bites you!!
You die...

..# #.#####..................#
..# #.# #..................#
..#####.# #(..#############†.#
........# #...# #..## ........#
#...# #.... .#####..# #...#
#.... .# #..#
#...#############.... .#####..#
#...........(........ ........#
#...Y................ ........#
#<.D######...###..... >.......#
#...# #...# #..... ........#
#...# #...# #..... ........#
#...# #...# #..... .......(#
#...# #...###...## ........#
#...######.........# ........#
#..................#
........#####..................#


You could see a six-headed hydra (slow).

Vanquished Creatures
  Erica (D:8)
  A hornet (D:8)
  Grinder (D:3)
  5 yaks (D:9)
  A water moccasin (D:9)
  2 black bears (D:9)
  An orc warrior (D:8)
  A necrophage (D:8)
  3 phantoms
  3 ogres
  A centaur (D:8)
  3 big kobolds (Sewer)
  Blork the orc (D:5)
  A gnoll sergeant (D:9)
  3 bullfrogs
  3 scorpions
  5 killer bees
  12 wights
  2 howler monkeys
  A bullfrog zombie (D:7)
  A centaur zombie (D:6)
  3 orc priests
  4 hounds
  4 orc wizards
  A quasit (D:9)
  A bullfrog skeleton (D:9)
  A jelly (D:5)
  2 iguanas
  Ijyb (D:5)
  9 worker ants
  A hound zombie (D:8)
  A worker ant zombie (D:5)
  3 gnolls (D:9)
  A howler monkey skeleton (D:7)
  10 adders
  3 river rats (Sewer)
  2 white imps
  3 ufetubi
  5 oozes
  2 adder zombies (D:8)
  3 adder skeletons
  2 worms
  2 dart slugs
  7 leopard geckos
  22 orcs
  9 giant cockroaches
  4 goblins
  3 hobgoblins
  11 jackals
  7 kobolds
  4 quokkas
  5 ball pythons (Sewer)
  4 bats
  A frilled lizard (D:1)
  7 rats
200 creatures vanquished.

Notes
Turn   | Place    | Note
-------+----------+-------------------------------------------
     0 | D:1      | kae the Draconian Transmuter began the quest for the Orb.
     0 | D:1      | Reached XP level 1. HP: 16/16 MP: 3/3
   436 | D:1      | Reached XP level 2. HP: 21/23 MP: 3/5
  1505 | D:2      | Reached XP level 3. HP: 24/28 MP: 4/6
  1509 | D:2      | Learned a level 3 spell: Spider Form
  1571 | D:2      | Found a shadowy altar of Dithmenos.
  1591 | D:2      | You fall into a shaft and drop 2 floors!
  1670 | D:4      | Noticed an ogre
  1894 | D:4      | Reached XP level 4. HP: 22/36 MP: 0/7
  1898 | D:4      | Reached skill level 1 in Poison Magic
  2107 | D:4      | Found a hide-covered altar of Uskayaw.
  2567 | D:4      | Noticed a phantom
  2572 | D:4      | Reached skill level 4 in Unarmed Combat
  2572 | D:4      | Reached XP level 5. HP: 31/41 MP: 8/8
  2605 | D:4      | Killed a phantom
  2897 | D:4      | Found an iron altar of Okawaru.
  2897 | D:4      | Found a burning altar of Makhleb.
  2902 | D:4      | Found an ornate altar of the Wu Jian Council.
  2905 | D:4      | Found a faded altar of an unknown god.
  2909 | D:4      | Killed an ogre
  2910 | D:4      | Reached XP level 6. HP: 50/50 MP: 5/10
  2946 | D:4      | Found a faded altar of an unknown god.
  3902 | D:3      | Learned a level 4 spell: Ice Form
  4036 | D:3      | You fall into a shaft and drop 3 floors!
  4036 | D:6      | Found a radiant altar of Vehumet.
  4036 | D:6      | Found a blossoming altar of Fedhas.
  4125 | D:5      | Entered Level 5 of the Dungeon
  4177 | D:5      | Reached skill level 1 in Ice Magic
  4177 | D:5      | Your scales start taking on an icy white colour.
  4177 | D:5      | Reached XP level 7. HP: 56/56 MP: 7/11
  4177 | D:5      | Gained mutation: Your flesh is cold resistant. (rC+) [White
                  | Draconian growth]
  4306 | D:5      | Reached skill level 5 in Unarmed Combat
  4387 | D:5      | Noticed Blork the orc
  4401 | D:5      | Killed Blork the orc
  4461 | D:5      | Found a glowing drain.
  4487 | Sewer    | Entered a sewer
  5409 | Sewer    | Reached XP level 8. HP: 53/63 MP: 10/13
  5836 | D:5      | Noticed Ijyb
  5857 | D:5      | Killed Ijyb
  6254 | D:5      | Found a glowing golden altar of the Shining One.
  6269 | D:5      | Found a stormy altar of Qazlal.
  6685 | D:3      | Noticed Grinder
  6685 | D:3      | Paralysed by Grinder for 2 turns
  6700 | D:3      | Paralysed by Grinder for 7 turns
  6709 | D:3      | Killed Grinder
  6710 | D:3      | Reached skill level 6 in Unarmed Combat
  7241 | D:4      | Became a worshipper of Uskayaw the Reveller
  7453 | D:6      | Reached * piety under Uskayaw
  7455 | D:6      | Reached ** piety under Uskayaw
  7463 | D:6      | Reached *** piety under Uskayaw
  7494 | D:6      | Reached **** piety under Uskayaw
  7723 | D:6      | Reached skill level 5 in Ice Magic
  7726 | D:6      | Reached skill level 1 in Invocations
  8119 | D:7      | Reached XP level 9. HP: 72/72 MP: 7/15
  8178 | D:7      | Found an opulent altar of Gozag.
  8306 | D:7      | Found a staircase to the Ecumenical Temple.
  8350 | Temple   | Entered the Ecumenical Temple
  8817 | D:7      | Learned a level 5 spell: Blade Hands
  8843 | D:8      | Noticed Erica
  8864 | D:8      | Reached skill level 7 in Unarmed Combat
  8950 | D:8      | Reached skill level 5 in Transmutations
  8964 | D:8      | Reached skill level 5 in Fighting
  9272 | D:8      | Killed Erica
  9428 | D:8      | Reached skill level 5 in Dodging
  9428 | D:8      | Reached skill level 5 in Spellcasting
  9435 | D:8      | Reached skill level 8 in Unarmed Combat
  9776 | D:8      | Reached XP level 10. HP: 72/78 MP: 13/17
 10384 | D:9      | Found a staircase to the Lair.
 10384 | D:9      | Found Kounuihum's Distillery.
 10418 | D:9      | Bought a potion of degeneration for 14 gold pieces
 10675 | D:9      | Reached ***** piety under Uskayaw
 10969 | D:9      | Noticed a six-headed hydra
 10973 | D:9      | HP: 2/99 [six-headed hydra (8)]
 11353 | D:9      | Mangled by a six-headed hydra

Illustrated notes

Levels and vault maps discovered:
D:1:      noname_arrival_rooms_in_the_neighbourhood, layout_basic,
          corexii_item_surrounded_by_moat
D:2:      layout_loops_ring, nicolae_overflow_hidden_temple
D:3:      layout_loops_corners, uniq_grinder
D:4:      layout_basic, chequers_temple_overflow_minitemple,
          eat_drink_and_be_merry_uskayaw
D:5:      layout_cave_pools, general_overflow_altar, kennysheep_little_box,
          gup_sewer_entry_pipe, uniq_blork_the_orc, uniq_ijyb
D:6:      layout_rooms, chequers_temple_overflow_statue_of_worship
D:7:      layout_cave_pools, overflow_temple_1_default, temple_pool_b
D:8:      layout_cave_pools, uniq_erica
D:9:      layout_small_grid, lair_entry_dummy, serial_shops, shop_fountains,
          chequers_serial_rivers_marsh, minmay_evil_grid
Temple:   minmay_temple_bridge_abc

Skill      XL: |  1  2  3  4  5  6  7  8  9 10 |
---------------+-------------------------------+-----
Dodging        | 2 3 4 5 |  5.4
Poison Magic   | 1 2 3 |  3.0
Fighting       | 2 3 4 5 6 |  6.1
Unarmed Combat | 4 5 6 8 |  8.7
Transmutations | 3 4 5 6 |  6.0
Spellcasting   | 3 4 5 |  5.4
Ice Magic      | 1 3 5 |  5.0
Invocations    | 1 3 4 |  4.5

Action                   |  1- 3 |  4- 6 |  7- 9 | 10-12 || total
-------------------------+-------+-------+-------+-------++-------
Melee: Unarmed           |    90 |   129 |   414 |    79 ||   712
       Tailslap          |     5 |    10 |     7 |     3 ||    25
       Kick              |    10 |    13 |     1 |       ||    24
       Headbutt          |     2 |     4 |     2 |       ||     8
       Punch             |     1 |     2 |     3 |     2 ||     8
 Cast: Beastly Appendage |    19 |    10 |     2 |       ||    31
       Spider Form       |       |    11 |    25 |       ||    36
       Ice Form          |       |       |    16 |    14 ||    30
       Blade Hands       |       |       |       |     1 ||     1
 Abil: Breathe Frost     |       |       |     2 |       ||     2
Evoke: Wand              |       |       |       |     1 ||     1
  Use: Potion            |     3 |       |     2 |       ||     5
       Scroll            |       |       |    16 |     2 ||    18
 Stab: Sleeping          |     1 |       |       |       ||     1
       Paralysed         |       |       |    16 |     5 ||    21
Armor: Skin              |    27 |    15 |    87 |    33 ||   162
Dodge: Dodged            |    83 |    84 |   337 |    65 ||   569

Table legend: (Time is in decaauts)
 A = Elapsed time spent in this place.
 B = Non-inter-level travel time spent in this place.
 C = Inter-level travel time spent in this place.
 D = Time resting spent in this place.
 E = Time spent auto-exploring this place.
 F = Levels seen in this place.
 G = Mean time per level.
                   A        B        C        D        E       F      G
               +--------+--------+--------+--------+--------+-----+--------+
         Total |  11391 |  10985 |    406 |    996 |   8343 |  11 | 1035.5 |
       Dungeon |   9873 |   9467 |    406 |    793 |   7318 |   9 | 1097.0 |
        Temple |    221 |    221 |      0 |    201 |      0 |   1 |  221.0 |
         Sewer |   1296 |   1296 |      0 |      2 |   1025 |   1 | 1296.0 |
               +--------+--------+--------+--------+--------+-----+--------+

Top non-repeatable levels by time:
     D:4: 1558 daAuts
     D:3: 1542 daAuts
     D:8: 1384 daAuts
   Sewer: 1296 daAuts
     D:1: 1163 daAuts
     D:5: 1143 daAuts
     D:6: 825 daAuts
     D:9: 818 daAuts
     D:7: 795 daAuts
     D:2: 639 daAuts
  Temple: 221 daAuts
